 Dungeon Crawl Stone Soup version 0.13.0-9-gbc74161 (webtiles) character file.

713 Bloax the Insei (level 7, -10/43 HPs)
             Began as a Gargoyle Monk on Oct 16, 2013.
             Was a Believer of Cheibriados.
             Mangled by a red devil
             ... wielding a +1,+1 demon whip
              (12 damage)
             ... on Level 9 of the Dungeon on Oct 17, 2013.
             The game lasted 00:13:17 (1578 turns).

Bloax the Insei (Gargoyle Monk)                     Turns: 1578, Time: 00:13:18

HP -10/43        AC 11     Str 19      XL: 7   Next: 41%
MP   6/6         EV 11     Int 16      God: Cheibriados [**....]
Gold 111         SH  0     Dex 19      Spells:  0 memorised,  6 levels left

Res.Fire  : + . .   See Invis. : .     - Unarmed
Res.Cold  : + . .   Warding    : .   h - +0 scale mail
Life Prot.: + . .   Conserve   : .   (no shield)
Res.Poison: +       Res.Corr.  : .   (no helmet)
Res.Elec. : +       Clarity    : .   (no cloak)
Sust.Abil.: . .     Spirit.Shd : .   (no gloves)
Res.Mut.  : .       Stasis     : .   (no boots)
Res.Rott. : +       Flight     : .   (no amulet)
Saprovore : . . .                    d - +3 ring of evasion
                                     c - ring of regeneration

@: invisible, very slightly contaminated, very slow, slightly resistant to
hostile enchantments, extremely unstealthy
A: fangs 1, talons 2, life protection 1, electricity resistance, slow metabolism
1, unbreathing, petrification resistance, AC +4
a: Bend Time, Renounce Religion


You were on level 9 of the Dungeon.
You worshipped Cheibriados.
Cheibriados was pleased with you.
You were not hungry.

You visited 2 branches of the dungeon, and saw 10 of its levels.

You collected 111 gold pieces.


Innate Abilities, Weirdness & Mutations

You are resistant to torment.
You are immune to poison.
Your stone body is very resilient (AC +4).
You have very sharp teeth.
You have razor-sharp toenails.
You resist negative energy.
You are resistant to electric shocks.
You have a slow metabolism.
You can survive without breathing.
You are immune to petrification.


   Skills:
 * Level 6.2 Fighting
 + Level 1.9 Armour
 - Level 3.3 Dodging
 - Level 2.1 Stealth
 * Level 7.0 Unarmed Combat


You had 6 spell levels left.
You didn't know any spells.

Dungeon Overview and Level Annotations

Branches:
Dungeon (9/27)             Temple (1/1) D:7
    Orc: D:6-11        Lair: D:8-13

Altars:
Cheibriados
Nemelex Xobeh
Okawaru
Xom

Inventory:

Hand weapons
 j - a -2,-3 broad axe
   (You found it on level 8 of the Dungeon)
Armour
 h - a +0 scale mail (worn)
   (You found it on level 7 of the Dungeon)
Magical devices
 i - a wand of cold (0)
   (You found it on level 8 of the Dungeon)
 m - a wand of slowing (5) {unknown}
   (You found it on level 8 of the Dungeon)
Comestibles
 b - a bread ration
Scrolls
 a - a scroll of enchant armour {unknown}
 o - a scroll of curse jewellery {unknown}
 p - 3 scrolls of noise {unknown}
 q - a scroll of immolation {unknown}
Jewellery
 c - a ring of regeneration (left hand)
   (You found it on level 1 of the Dungeon)
 d - a +3 ring of evasion (right hand)
   (You found it on level 1 of the Dungeon)
Potions
 e - a potion of heal wounds {unknown}
 f - a potion of poison {unknown}
 g - a potion of invisibility
 k - a potion of curing {unknown}
 l - a potion of resistance
 n - a potion of agility {unknown}

. .. . # .. ##.#
...##.##.....
.[~..#.#..~....
#.~~.#.#.~~....
#...........#
#...4...# .##
#...@...#.....
#.............
######.......#.....
#......)..#### ..
#.).......#
#.<...........
#.........####
###########


You could see a red devil.


Message History

Play time: 00:12:48 (1556 turns)
An ogre comes into view. It is wielding a giant club.
You hit the jelly.
Your hands burn!
You claw the jelly.
The jelly is heavily wounded.
The jelly closely misses you.
You hit the jelly.
Your hands burn!
You claw the jelly. You bite the jelly, but do no damage.
The jelly is severely wounded.
The jelly hits you but does no damage.
You hit the jelly.
Your hands burn!
You claw the jelly.
You kill the jelly!
Cheibriados appreciates the change of pace.
Your Fighting skill increases to level 6!
Wear which item? (? for menu, Esc to quit)
Okay, then.
You hit the ogre. You claw the ogre.
The ogre is lightly wounded.
The ogre hits you with a giant club!
You punch the ogre! You claw the ogre.
The ogre is severely wounded.
The ogre misses you.
You hit the ogre.
The ogre is almost dead.
The ogre hits you with a giant club!
* * * LOW HITPOINT WARNING * * *
You punch the ogre!
You kill the ogre!
Cheibriados thoroughly appreciates the change of pace.
Cheibriados raises the support of your attributes as your movement slows.
Your Unarmed Combat skill increases to level 7!
Unknown command.
A red devil comes into view. It is wielding a demon whip.
Found an orcish leather armour.
Enter note: ow Evoke which item? (* to show all) (? for menu, Esc to quit)
Zapping:
i - a wand of cold {zapped: 1}
Aim: a red devil, wielding a demon whip and wearing a ring mail Nothing appears to happen.
Evoke which item? (* to show all) (? for menu, Esc to quit)
Zapping:
m - a runed bronze wand
Aim: a red devil, wielding a demon whip and wearing a ring mail The red devil easily resists.
You miss the red devil.
You claw the red devil, but do no damage.
You bite the red devil, but do no damage.
The red devil hits you but does no damage.
You hit the red devil.
You bite the red devil, but do no damage.
The red devil is lightly wounded.
The red devil hits you but does no damage.
You hit the red devil but do no damage.
The red devil is lightly wounded.
You barely miss the red devil. You claw the red devil.
The red devil is lightly wounded.
The red devil hits you with a demon whip!
* * * LOW HITPOINT WARNING * * *
Unknown command.
Evoke which item? (* to show all) (? for menu, Esc to quit)
Okay, then.
Drink which item? (? for menu, Esc to quit)
You fade into invisibility!
It was a potion of invisibility.
The red devil hits you with a demon whip.
* * * LOW HITPOINT WARNING * * *
You are very lightly contaminated with residual magic.
Drink which item? (? for menu, Esc to quit)
You feel protected.
It was a potion of resistance.
The red devil hits you with a demon whip!
You die...

Action                   |  1- 3 |  4- 6 |  7- 9 || total
-------------------------+-------+-------+-------++-------
Melee: Unarmed           |    65 |   158 |    12 ||   235
       Broad axe         |       |     6 |       ||     6
Evoke: Wand              |       |       |     2 ||     2
  Use: Scroll            |       |     6 |       ||     6
       Potion            |       |       |     2 ||     2
 Stab: Sleeping          |     1 |     1 |       ||     2

Vault maps used:
D:1:      dpeg_entry_triangle_fractal
D:2:      small_statue_intersection, uniq_terence
D:3:      lemuel_doored_altar
D:4:      gammafunk_temple_overflow_claw, serial_shops, shop_statue, shop,
          shop_fountains, shop, grunt_ministairs_15, nemelex_deck
D:5:      grunt_temple_overflow_cloverleaf, first_bread, nrook_pool_corridor
D:7:      minmay_temple_entry_mist, hangedman_fish_farm
D:8:      lemuel_blue_sif_altar
D:9:      serial_shops, shop_fountains, einodemon_armed_red_devil_minivault
Temple:   circular_temple_6

Notes
Turn   | Place    | Note
--------------------------------------------------------------
     0 | D:1      | Bloax, the Gargoyle Monk, began the quest for the Orb.
     0 | D:1      | Reached XP level 1. HP: 12/12 MP: 0/0
    16 | D:1      | hahahahahahahahahahaha
    16 | D:1      | aahahaha
    16 | D:1      | hahaha
    16 | D:1      | hahaaahahahhaah
    16 | D:1      | IT BEGINS
    16 | D:1      | Upgraded the game from 0.13.0-7-g3df9ff1 to 0.13.0-9-gbc74161
    16 | D:1      | 4tharraofdagon: show
    16 | D:1      | IT BEGINS
    16 | D:1      | 4tharraofdagon: haha
    16 | D:1      | Bloax: c - a ring of regeneration (left hand) _Enter note: hahahahahahahahahahaha _Enter note: aahahaha _Enter note: hahaha _Enter note: hahaaahahahhaah
    44 | D:1      | 4tharraofdagon: shittan ring
   102 | D:1      | 4tharraofdagon: do you feel the force on this char?
   105 | D:1      | lol
   141 | D:1      | Bloax: Well it has a huge rushing advantage already.
   170 | D:1      | 4tharraofdagon: 400 turns on d:1 i bet
   184 | D:1      | 4tharraofdagon: fu
   223 | D:2      | Reached XP level 2. HP: 11/17 MP: 1/1
   232 | D:2      | Reached XP level 3. HP: 16/22 MP: 2/2
   268 | D:2      | Reached skill level 5 in Unarmed Combat
   395 | D:3      | Reached skill level 4 in Fighting
   593 | D:3      | Reached XP level 4. HP: 25/28 MP: 3/3
   631 | D:3      | all worth it
   636 | D:3      | 4tharraofdagon: moon troll is in trunk,right?
   685 | D:3      | You fall through a shaft!
   688 | D:4      | Bloax: It's in 0.13 too.
   688 | D:4      | 4tharraofdagon: o
   688 | D:4      | Bloax: Unless bmfx was playing 0.14
   720 | D:4      | Found a sparkling altar of Nemelex Xobeh.
   847 | D:5      | Entered Level 5 of the Dungeon
   960 | D:5      | 4tharraofdagon: gg
  1084 | D:6      | Reached skill level 3 in Dodging
  1084 | D:6      | Reached XP level 5. HP: 14/32 MP: 4/4
  1091 | D:6      | Noticed a giant frog
  1098 | D:6      | Killed a giant frog
  1098 | D:6      | Reached skill level 5 in Fighting
  1098 | D:6      | Reached skill level 6 in Unarmed Combat
  1155 | D:6      | Reached XP level 6. HP: 33/37 MP: 5/5
  1288 | D:7      | Found a staircase to the Ecumenical Temple.
  1303 | Temple   | Entered the Ecumenical Temple
  1304 | Temple   | 4tharraofdagon: nice
  1317 | Temple   | Became a worshipper of Cheibriados the Contemplative
  1317 | Temple   | Acquired Cheibriados' first power
  1431 | D:8      | Reached skill level 1 in Armour
  1445 | D:8      | mm
  1474 | D:8      | Reached XP level 7. HP: 35/43 MP: 6/6
  1519 | D:8      | notbad
  1537 | D:8      | 4tharraofdagon: whats 2nd wand
  1560 | D:9      | Reached skill level 6 in Fighting
  1565 | D:9      | Reached skill level 7 in Unarmed Combat
  1569 | D:9      | Noticed a red devil
  1571 | D:9      | 4tharraofdagon: red devils
  1571 | D:9      | 4tharraofdagon: n1
  1571 | D:9      | ow
  1576 | D:9      | HP: 6/43 [red devil/demon whip (14)]
  1577 | D:9      | HP: 2/43 [red devil/demon whip (5)]
  1578 | D:9      | Mangled by a red devil

Vanquished Creatures
  An ogre (D:9)
  A giant frog (D:6)
  2 crimson imps
  A troll skeleton (D:8)
  3 hounds
  A jelly (D:9)
  An iguana (D:6)
  2 orc priests
  A worker ant (D:8)
  5 adders
  A worm (D:6)
  A giant gecko (D:5)
  An ooze (D:2)
  12 orcs
  2 ball pythons
  A bat (D:2)
  5 giant cockroaches
  4 goblins
  4 hobgoblins
  4 kobolds
  A giant newt (D:3)
  An orc zombie (D:8)
  4 rats
  A rat skeleton (D:7)
60 creatures vanquished.
